 Dungeon Crawl Stone Soup version 0.30-a0-748-ge6a52f7cba (webtiles) character file.

Game seed: 4487109029398691022

33404 Anon1729 the Severer (level 13, -4/117 HPs)
             Began as a Minotaur Monk on Feb 8, 2023.
             Was a High Priest of Qazlal.
             Slain by a ten-headed hydra (10 damage)
             ... on level 2 of the Lair of Beasts.
             The game lasted 00:17:27 (12503 turns).

Anon1729 the Severer (Minotaur Monk)               Turns: 12503, Time: 00:17:28

Health: -4/117     AC: 19    Str: 21    XL:     13   Next: 36%
Magic:  19/19      EV: 21    Int:  7    God:    Qazlal [*****.]
Gold:   1453       SH: 17    Dex: 13    Spells: 12/12 levels left

rFire   + . .      SeeInvis .    t - +0 war axe
rCold   . . .      Faith    .    g - +3 warlock's mirror {omnireflect}
rNeg    . . .      Spirit   .    v - +1 scale mail {rF+}
rPois   .          Reflect  +    (helmet restricted)
rElec   .          Harm     .    (no cloak)
rCorr   .          Rampage  +    q - +1 pair of gloves
Will    .....                    G - +2 pair of boots {rampage} Stlth
                                 (no amulet)
HPRegen 0.39/turn                r - +5 ring of evasion
MPRegen 0.16/turn                N - +5 ring of evasion

@: weak-willed, protected from physical damage, repel missiles
A: horns 2, retaliatory headbutt
a: Renounce Religion, Upheaval, Elemental Force, Disaster Area


You were on level 2 of the Lair of Beasts.
You worshipped Qazlal.
Qazlal was extremely pleased with you.
You visited 3 branches of the dungeon, and saw 15 of its levels.
You visited the Abyss 1 time.
You also visited: Bailey.

You collected 1453 gold pieces.

Inventory:

Hand Weapons
 a - a +0 hand axe
 c - a +1 sling of flaming
 t - a +0 war axe (weapon)
Missiles
 y - 54 poisoned darts (quivered)
 O - 5 throwing nets
Armour
 g - the +3 warlock's mirror (worn) {omnireflect}
   (You acquired it on level 10 of the Dungeon)

   Omnireflect: It can block and reflect piercing ranged attacks and magical
   attacks against the wielder's willpower.
 q - a +1 pair of gloves (worn)
 v - a +1 scale mail of fire resistance (worn)
 x - a +0 troll leather armour
 A - a +1 pair of boots
 G - a +2 pair of boots of rampaging (worn)
Jewellery
 r - a +5 ring of evasion (left hand)
 C - a ring of poison resistance
 E - a ring of ice
 J - a ring of see invisible
 N - a +5 ring of evasion (right hand)
 R - a ring of wizardry
 T - a ring of ice
Wands
 w - a wand of quicksilver (14)
 F - a wand of charming (2)
 I - a wand of flame (3)
 L - a wand of iceblast (7)
Scrolls
 i - 2 scrolls of amnesia
 j - 5 scrolls of fog
 l - a scroll of teleportation
 n - 6 scrolls of enchant weapon
 o - 2 scrolls of torment
 K - 3 scrolls of magic mapping
 P - a scroll of brand weapon
 Q - 2 scrolls of poison
Potions
 f - 4 potions of heal wounds
 h - 4 potions of attraction
 k - 3 potions of might
 p - a potion of flight
 s - 3 potions of haste {unknown}
 u - 3 potions of invisibility
 z - a potion of cancellation {unknown}
 B - 2 potions of resistance
 D - 2 potions of curing
 H - a potion of mutation {unknown}
 M - a potion of brilliance {unknown}
 S - 2 potions of lignification


   Skills:
 + Level 11.7 Fighting
 * Level 15.9 Axes
 + Level 11.1 Armour
 - Level 3.2 Dodging
 - Level 1.5 Stealth
 - Level 11.0 Shields
 + Level 9.3 Invocations


You had 12 spell levels left.
You didn't know any spells.
Your spell library contained the following spells:

 Spells                   Type           Power      Damage    Failure   Level
 Freeze                   Ice            0%         1d3       77%         1
 Sandblast                Erth           0%         2d4       77%         1
 Shock                    Conj/Air       0%         1d3       77%         1
 Passwall                 Tmut/Erth      0%         N/A       88%         2
 Sublimation of Blood     Necr           0%         N/A       88%         2
 Wereblood                Tmut           0%         N/A       88%         2
 Call Canine Familiar     Summ           0%         N/A       98%         3
 Frozen Ramparts          Ice            0%         1d1       98%         3
 Gell's Gravitas          Tloc           0%         N/A       98%         3
 Hailstorm                Conj/Ice       0%         3d3       98%         3
 Portal Projectile        Hex/Tloc       0%         N/A       98%         3
 Stone Arrow              Conj/Erth      0%         3d7       98%         3
 Swiftness                Air            0%         N/A       98%         3
 Teleport Other           Tloc           0%         N/A       98%         3
 Airstrike                Air            0%         2d(0-16)  100%        4
 Leda's Liquefaction      Hex/Erth       0%         N/A       100%        4
 Dispersal                Tloc           0%         N/A       100%        6
 Summon Hydra             Summ           0%         N/A       100%        7


Dungeon Overview and Level Annotations

Branches:
Dungeon (12/15)            Temple (1/1) D:5            Lair (2/5) D:9
  Snake (0/4) Lair:2          Orc (0/2) D:9          Bailey (visited)
  Swamp: Lair:2-3    Shoals: Lair:2-3

Altars:
Cheibriados
Dithmenos
Elyvilon
Fedhas
Gozag
Kikubaaqudgha
Okawaru
Qazlal
Ru
Sif Muna
Uskayaw
Vehumet
Xom
Yredelemnul
Zin
The Shining One

Shops:
D:9 :   D:10 (

Portals:
Trove: D:12 (give +8 demon blade)


Innate Abilities, Weirdness & Mutations

You have a pair of horns on your head.
You reflexively headbutt those who attack you in melee.


Message History

* * * LOW HITPOINT WARNING * * *
The ten-headed hydra completely misses you. x2
The ten-headed hydra bites you.
* * * LOW HITPOINT WARNING * * *
You feel more protected from physical attacks.
You block the ten-headed hydra's attack.
The ten-headed hydra bites you but does no damage.
You block the ten-headed hydra's attack. x2
Aiming: Charm
Press: ? - help, Shift-Dir - straight line, f/p - ten-headed hydra
Aim: a ten-headed hydra (sparse dust, lightly wounded, weak-willed, chance to affect: 39%)
The ten-headed hydra resists with some effort.
A nearby plant withers and dies.
You block the ten-headed hydra's attack.
The ten-headed hydra closely misses you.
You block the ten-headed hydra's attack.
The ten-headed hydra closely misses you.
You block the ten-headed hydra's attack.
The ten-headed hydra bites you!
* * * LOW HITPOINT WARNING * * *
The ten-headed hydra barely misses you. The ten-headed hydra bites you!
* * * LOW HITPOINT WARNING * * *
The ten-headed hydra bites you.
* * * LOW HITPOINT WARNING * * *
You feel more protected from physical attacks.
The ten-headed hydra bites you.
* * * LOW HITPOINT WARNING * * *
Okay, then.
Okay, then.
Unknown command.
Unknown command.
Aiming: Charm
Press: ? - help, Shift-Dir - straight line, f/p - ten-headed hydra
Aim: a ten-headed hydra (lightly wounded, weak-willed, chance to affect: 39%)
The ten-headed hydra resists with some effort.
You block the ten-headed hydra's attack.
The ten-headed hydra completely misses you.
The ten-headed hydra closely misses you.
The ten-headed hydra bites you!
You die...

~.. .. ♣♣.♣♣ ..#
♣...♣ ##. ... .>.
... #P~ .F. .P#
#~.♣♣§♣♣..#
#~.○†§.P..#...
#.~°@○.P# ...
#####D####.... ..
#....○..#.....
..§+.......#.....
...P.............
.......<.........
.........†.+.....
...#.#.#...#.....
.................


You could see a ten-headed hydra (weak-willed) and a blink frog (weak-willed).

Vanquished Creatures
  Kirke (D:12)
  Josephine (D:12)
  Erolcha (D:12)
  2 two-headed ogres
  Nergalle (D:10)
  Lodul (D:10)
  A wizard (D:10)
  An orc knight (Bailey)
  A deep elf pyromancer (D:12)
  An ugly thing (D:12)
  A cyclops (D:12)
  An oklob plant (Lair:1)
  Joseph (D:9)
  A black mamba (Lair:1)
  A cane toad (Lair:1)
  Psyche (D:8)
  A gargoyle (D:12)
  2 komodo dragons (D:12)
  A kobold demonologist (D:11)
  4 trolls
  Prince Ribbit (D:9)
  3 blink frogs (Lair:1)
  3 slime creatures (D:12)
  12 yaks
  A shadow (D:12)
  6 wraiths
  A vampire (D:12)
  2 wyverns (D:9)
  3 hogs (D:12)
  2 steam dragons
  3 vampire mosquitoes (D:12)
  2 nagas (Lair:2)
  4 acid dragons
  6 water moccasins
  3 ice beasts
  18 orc warriors
  3 black bears
  13 ogres
  3 centaurs
  3 wolves (Lair:1)
  2 kobold brigands
  A phantom (D:4)
  5 bullfrogs
  2 gnoll sergeants
  7 scorpions
  10 wights
  12 killer bees
  A crimson imp (D:10)
  2 hounds
  5 jellies
  3 orc priests
  4 iguanas
  9 orc wizards
  13 gnolls
  10 adders
  A shadow imp (D:6)
  3 white imps
  2 ufetubi
  A worm (D:2)
  4 dart slugs
  51 orcs
  8 endoplasms
  7 giant cockroaches
  13 goblins
  9 hobgoblins
  10 jackals
  16 kobolds
  3 quokkas
  9 ball pythons
  2 frilled lizards (D:1)
  5 rats
347 creatures vanquished.

Vanquished Creatures (others)
  A human (D:12)
  A kobold brigand (D:10)
  3 fungi
  6 plants
11 creatures vanquished.

Grand Total: 358 creatures vanquished

Notes
Turn   | Place    | Note
-------+----------+-------------------------------------------
     0 | D:1      | Anon1729 the Minotaur Monk began the quest for the Orb.
     0 | D:1      | Reached XP level 1. HP: 19/19 MP: 0/0
   202 | D:1      | Reached XP level 2. HP: 27/27 MP: 1/1
   308 | D:1      | Reached skill level 4 in Axes
   485 | D:1      | Reached skill level 1 in Armour
   705 | D:2      | Reached skill level 1 in Invocations
   705 | D:2      | Reached XP level 3. HP: 22/33 MP: 2/2
  1257 | D:2      | Reached XP level 4. HP: 32/40 MP: 4/4
  1454 | D:3      | Found a shadowy altar of Dithmenos.
  1625 | D:3      | Reached skill level 5 in Axes
  1661 | D:3      | Reached XP level 5. HP: 13/47 MP: 5/5
  2653 | D:4      | Reached skill level 5 in Fighting
  2653 | D:4      | Reached skill level 6 in Axes
  2653 | D:4      | Reached XP level 6. HP: 56/56 MP: 6/6
  2732 | D:4      | Found an opulent altar of Gozag.
  3180 | D:4      | Reached XP level 7. HP: 61/61 MP: 8/8
  3316 | D:5      | Entered Level 5 of the Dungeon
  3432 | D:5      | Reached skill level 7 in Axes
  3685 | D:5      | Reached XP level 8. HP: 31/70 MP: 9/9
  3841 | D:5      | Found a staircase to the Ecumenical Temple.
  3885 | D:5      | Found an iron altar of Okawaru.
  3894 | D:5      | Reached skill level 8 in Axes
  3936 | Temple   | Entered the Ecumenical Temple
  3953 | Temple   | Became a worshipper of Qazlal Stormbringer
  3953 | Temple   | Reached * piety under Qazlal
  3953 | Temple   | Reached ** piety under Qazlal
  4008 | D:5      | Reached skill level 5 in Armour
  4222 | D:5      | Found a snail-covered altar of Cheibriados.
  4222 | D:5      | Found a sacrificial altar of Ru.
  4718 | D:6      | Reached skill level 9 in Axes
  5005 | D:6      | Reached skill level 5 in Invocations
  5109 | D:6      | Reached XP level 9. HP: 67/79 MP: 11/11
  5323 | D:6      | Found a glowing silver altar of Zin.
  5619 | D:7      | Reached skill level 10 in Axes
  6226 | D:8      | Found a basalt altar of Yredelemnul.
  6248 | D:8      | Noticed Psyche
  6299 | D:8      | Reached *** piety under Qazlal
  6325 | D:8      | Killed Psyche
  6326 | D:8      | Reached skill level 11 in Axes
  6552 | D:8      | Reached XP level 10. HP: 65/90 MP: 13/13
  7290 | D:9      | Found a white marble altar of Elyvilon.
  7314 | D:9      | Found a staircase to the Lair.
  7425 | D:9      | Noticed a two-headed ogre
  7432 | D:9      | Killed a two-headed ogre
  7433 | D:9      | Reached skill level 12 in Axes
  7496 | D:9      | Noticed Prince Ribbit
  7510 | D:9      | Reached **** piety under Qazlal
  7514 | D:10     | Entered Level 10 of the Dungeon
  7520 | D:10     | Found Ceskacs's Weapon Emporium.
  7523 | D:10     | Noticed a two-headed ogre
  7637 | D:9      | Killed Prince Ribbit
  7699 | D:10     | Identified a scroll of acquirement
  7700 | D:10     | Acquired the +3 warlock's mirror {omnireflect}
  7700 | D:10     | Found the +3 warlock's mirror {omnireflect}
  7751 | D:10     | Found an ancient bone altar of Kikubaaqudgha.
  7814 | D:10     | Killed a two-headed ogre
  7815 | D:10     | Reached skill level 13 in Axes
  7815 | D:10     | Reached skill level 1 in Shields
  7835 | D:10     | Noticed a wizard
  7840 | Abyss:2  | Cast into level 2 of the Abyss (a wizard)
  7875 | D:10     | Escaped the Abyss
  7886 | D:10     | Killed a wizard
  7887 | D:10     | Reached XP level 11. HP: 82/99 MP: 15/15
  7922 | D:10     | Noticed Nergalle
  7931 | D:10     | Killed Nergalle
  7948 | D:10     | Noticed Lodul
  7955 | D:10     | Reached skill level 10 in Fighting
  7967 | D:10     | Killed Lodul
  8008 | D:10     | Found a flagged portal.
  8051 | Bailey   | Entered a bailey
  8173 | Bailey   | Reached ***** piety under Qazlal
  8329 | Bailey   | Noticed an orc knight
  8359 | Bailey   | Killed an orc knight
  8365 | Bailey   | Reached skill level 14 in Axes
  8465 | Bailey   | Reached skill level 10 in Shields
  8465 | Bailey   | Reached XP level 12. HP: 107/107 MP: 17/17
  9257 | D:9      | Found Ypineefo's Tremendous Tomes.
  9317 | D:9      | Noticed Joseph
  9320 | D:9      | Found a staircase to the Orcish Mines.
  9325 | D:9      | Killed Joseph
 10138 | D:12     | Noticed Erolcha
 10150 | D:12     | Killed Erolcha
 10151 | D:12     | Reached skill level 10 in Armour
 10195 | D:12     | Noticed Kirke
 10216 | D:12     | Killed Kirke
 10769 | D:12     | Reached skill level 15 in Axes
 10769 | D:12     | Reached XP level 13. HP: 116/116 MP: 18/18
 10914 | D:12     | Found a portal to a secret trove of treasure.
 10921 | D:12     | Noticed Josephine
 10939 | D:12     | Killed Josephine
 11466 | Lair:1   | Entered Level 1 of the Lair of Beasts
 11489 | Lair:1   | Found a white marble altar of Elyvilon.
 12470 | Lair:2   | Found a staircase to the Snake Pit.
 12503 | Lair:2   | Slain by a ten-headed hydra

Illustrated notes

Levels and vault maps discovered:
D:1:      kilobyte_arrival_exit_the_forest, layout_rooms
D:2:      layout_basic
D:3:      layout_basic, nicolae_dithmenos_the_darkroom, minivault_19,
          kennysheep_potato
D:4:      layout_basic, kennysheep_mini_moat, st_stairs_1,
          minmay_a_box_with_orc_wizards_in_it
D:5:      layout_rooms, okawaru_gym_becter, mainiacjoe_overflow_large_starburst,
          lemuel_temple_firewalk_b
D:6:      layout_gridville, zin_statuary
D:7:      layout_rooms, minmay_misc_feat_iff, dk_noncrumbling_2
D:8:      nicolae_hitomezashi [nicolae_hito_row, nicolae_hito_row,
          nicolae_hito_row, nicolae_hito_row, nicolae_hito_row,
          nicolae_hito_row, nicolae_hito_row, nicolae_hito_row,
          nicolae_hito_row, nicolae_hito_row, nicolae_hito_row,
          nicolae_hito_row, nicolae_hito_row, nicolae_hito_row,
          nicolae_hito_row, nicolae_hito_row, nicolae_hito_row,
          nicolae_hito_row], layout_basic, general_overflow_altar, uniq_psyche
D:9:      layout_loops_ring, elyvilon_altar_3, lair_entry_dummy,
          nicolae_shop_i_like_big_books, kennysheep_cross_room,
          uniq_prince_ribbit1, uniq_joseph
D:10:     layout_loops_ring, nicolae_kikubaaqudgha_miasma_corner, serial_shops,
          nicolae_shop_statue_plus, enter_bailey_5, columned_hall_lemuel,
          lightli_wizard_tower, uniq_nergalle, uniq_lodul
D:11:     layout_irregular_city
D:12:     layout_basic, enter_trove_0, uniq_erolcha, uniq_josephine, uniq_kirke
Temple:   compressed_dpeg_triangle_lava_temple
Lair:1:   layout_gridlike, lemuel_oklob_altar, lemuel_fruit_tree
Lair:2:   layout_chaotic_city, nicolae_shoals_entry_roost,
          guppyfry_snake_entry_garden, lemuel_fruit_fields

Skill      XL: |  1  2  3  4  5  6  7  8  9 10 11 12 13 |
---------------+----------------------------------------+-----
Axes           | 4 5 6 7 9 11 13 14 15 | 15.9
Armour         | 1 2 3 4 6 7 9 10 11 | 11.1
Invocations    | 1 2 3 5 6 7 8 9 |  9.3
Fighting       | 4 5 6 7 8 9 10 11 | 11.7
Shields        | 1 10 11 | 11.0
Dodging        | |  3.2
Stealth        | |  1.5

Action                     |  1- 3 |  4- 6 |  7- 9 | 10-12 | 13-15 || total
---------------------------+-------+-------+-------+-------+-------++-------
  Melee: Hand axe          |    75 |   153 |    71 |       |       ||   299
         Headbutt          |    10 |    29 |    59 |   103 |    41 ||   242
         Punch             |       |     3 |     2 |     2 |       ||     7
         War axe           |       |       |   221 |   461 |   152 ||   834
  Evoke: Wand              |       |       |       |    12 |     3 ||    15
    Use: Potion            |     1 |     1 |     2 |     5 |       ||     9
         Scroll            |       |       |       |    14 |     8 ||    22
   Stab: Sleeping          |     3 |     4 |       |       |       ||     7
         Distracted        |       |     1 |       |       |       ||     1
         Confused          |       |       |       |     1 |       ||     1
 Armour: Robe              |    10 |    11 |       |       |       ||    21
         Scale mail        |       |    48 |   119 |    51 |    29 ||   247
  Dodge: Dodged            |    47 |   104 |   246 |   297 |    76 ||   770
         Repelled          |       |       |       |     1 |     1 ||     2
  Block: Other             |       |       |    15 |    29 |       ||    44
         Buckler           |       |       |       |   247 |   109 ||   356
         Reflection        |       |       |       |    59 |     2 ||    61

Table legend: (Time is in decaauts)
 A = Elapsed time spent in this place.
 B = Non-inter-level travel time spent in this place.
 C = Inter-level travel time spent in this place.
 D = Time resting spent in this place.
 E = Time spent auto-exploring this place.
 F = Levels seen in this place.
 G = Mean time per level.
                   A        B        C        D        E       F      G
               +--------+--------+--------+--------+--------+-----+--------+
         Total |  12474 |  11866 |    608 |    519 |   8784 |  17 |  733.8 |
       Dungeon |  10858 |  10282 |    576 |    338 |   7819 |  12 |  904.8 |
        Temple |     34 |     17 |     17 |      0 |      6 |   1 |   34.0 |
          Lair |   1013 |    999 |     14 |    181 |    654 |   2 |  506.5 |
         Abyss |     34 |     34 |      0 |      0 |      0 |   1 |   34.0 |
        Bailey |    533 |    533 |      0 |      0 |    304 |   1 |  533.0 |
               +--------+--------+--------+--------+--------+-----+--------+

Top non-repeatable levels by time:
    D:12: 1237 daAuts
     D:6: 1129 daAuts
     D:3: 1108 daAuts
  Lair:1: 978 daAuts
     D:8: 952 daAuts
     D:5: 942 daAuts
     D:4: 934 daAuts
    D:10: 915 daAuts
     D:9: 902 daAuts
     D:2: 769 daAuts
     D:1: 669 daAuts
     D:7: 655 daAuts
    D:11: 641 daAuts
  Bailey: 533 daAuts
  Lair:2: 35 daAuts
